 Dungeon Crawl Stone Soup version 0.31-a0-263-ge8cad7f256 (webtiles) character file.

Game seed: 16120031068712479641

8 qw the Shooter (level 2, -3/23 HPs)
             Began as a Minotaur Hexslinger on July 13, 2023.
             Slain by Terence
             ... wielding a +0 hand axe
              (5 damage)
             ... on level 2 of the Dungeon.
             The game lasted 00:00:04 (140 turns).

qw the Shooter (Minotaur Hexslinger)                 Turns: 140, Time: 00:00:04

Health: -3/23      AC:  2    Str: 12    XL:     2   Next: 0%
Magic:  2/2        EV: 12    Int: 10    God:
Gold:   23         SH:  0    Dex: 12    Spells: 2/3 levels left

rFire   . . .        a - +1 sling
rCold   . . .        (no shield)
rNeg    . . .        c - +0 robe
rPois   .            (helmet restricted)
rElec   .            (no cloak)
rCorr   .            (no gloves)
SInv    .            (no boots)
Will    .....        (no amulet)
Stlth   +            (no ring)
HPRegen 0.23/turn    (no ring)
MPRegen 0.08/turn

%: no passive effects
@: no status effects
A: horns 2, retaliatory headbutt
a: no special abilities


You were on level 2 of the Dungeon.
You visited 1 branch of the dungeon, and saw 2 of its levels.

You collected 23 gold pieces.


Innate Abilities, Weirdness & Mutations

You have a pair of horns on your head.
You reflexively headbutt those who attack you in melee.


   Skills:
 + Level 1.3 Fighting
 - Level 3.0 Ranged Weapons
 - Level 2.1 Dodging
 - Level 1.0 Spellcasting
 - Level 2.0 Hexes


You had 2 spell levels left.
You knew the following spells:

 Your Spells              Type           Power      Damage    Failure   Level
a - Slow                  Hex            16%        N/A       16%         1

Your spell library contained the following spells:

 Spells                   Type           Power      Damage    Failure   Level
 Inner Flame              Hex/Fire       2%         N/A       56%         3
 Portal Projectile        Hex/Tloc       4%         N/A       56%         3
 Cause Fear               Hex            2%         N/A       83%         4

Inventory:

Hand Weapons
 a - a +1 sling (weapon)
Armour
 c - a +0 robe (worn)
Scrolls
 b - a scroll of poison
Potions
 d - a potion of curing {unknown}

Dungeon Overview and Level Annotations

Branches:
Dungeon (1/15)

Altars:

Annotations:
D:2 Terence


Message History

You kill the goblin!
Your Ranged Weapons skill increases to level 3!
Things that are here:
a +0 dagger; a goblin corpse
Found a stone staircase leading down.
A rat comes into view.
You shoot a sling bullet. The sling bullet hits the rat.
You kill the rat!
You have reached level 2!
Terence and a giant cockroach come into view.
Terence shouts!
There is a stone staircase leading down here.
You shoot a sling bullet.
The sling bullet hits Terence but does no damage.
A kobold comes into view. It is wielding a +0 club.
The kobold moves out of view.
You shoot a sling bullet. The sling bullet barely misses Terence.
You shoot a sling bullet. The sling bullet barely misses Terence.
A dart slug comes into view.
You shoot a sling bullet. The sling bullet barely misses Terence.
The sling bullet hits the dart slug.
The dart slug is lightly wounded.
You hear a shout!
The giant cockroach bites you.
You shoot a sling bullet.
The sling bullet hits Terence but does no damage.
Terence hits you with a +0 hand axe! The giant cockroach bites you.
Terence closely misses you.
You shoot a sling bullet.
The sling bullet hits Terence but does no damage.
The giant cockroach completely misses you.
Terence hits you with a +0 hand axe. The giant cockroach barely misses you.
You shoot a sling bullet.
The sling bullet hits Terence but does no damage.
The giant cockroach bites you. Terence hits you with a +0 hand axe.
You shoot a sling bullet. The sling bullet hits Terence.
Terence is lightly wounded.
The giant cockroach misses you. You furiously retaliate!
You headbutt the giant cockroach. Terence hits you with a +0 hand axe.
You die...

... #.. #.. #.# #.#
### #.# ##.###B#######
#.....@@.w.... .
#..####..#####
#.#########)...# ..#
.............#.......
####.#####...##.######
.#.#.#.###......#
..P#.#P.##......#.
...#.#.Pb#.##...##
P..#.#.PP#.# #..#


You could see Terence, a dart slug and a giant cockroach.

Vanquished Creatures
  A dart slug (D:1)
  An endoplasm (D:2)
  A goblin (D:2)
  A frilled lizard (D:1)
  2 kobolds (D:1)
  A rat (D:2)
7 creatures vanquished.

Notes
Turn   | Place    | Note
-------+----------+-------------------------------------------
     0 | D:1      | qw the Minotaur Hexslinger began the quest for the Orb.
     0 | D:1      | Reached XP level 1. HP: 16/16 MP: 1/1
     0 | D:1      | 0 ||| qw: Version: 0.3-a-52-g30416fa
     0 | D:1      | 0 ||| qw: Game counter: 7049
     0 | D:1      | 0 ||| qw: Melee chars always use a shield: true
     0 | D:1      | 0 ||| qw: God list: Okawaru
     0 | D:1      | 0 ||| qw: Allow faded altars: false
     0 | D:1      | 0 ||| qw: Do Orc after clearing Dungeon:15 true
     0 | D:1      | 0 ||| qw: Do second Lair branch before Depths: true
     0 | D:1      | 0 ||| qw: Lair rune preference: random
     0 | D:1      | 0 ||| qw: Goals: Normal
     0 | D:1      | 0 ||| PLANNING D:1-11
     3 | D:1      | Noticed an electric eel
     4 | D:1      | Noticed an electric eel
    86 | D:1      | You fall into a shaft and drop 1 floor!
   124 | D:2      | Reached skill level 3 in Ranged Weapons
   131 | D:2      | Reached XP level 2. HP: 23/23 MP: 2/2
   132 | D:2      | Noticed Terence
   139 | D:2      | HP: 5/23 [giant cockroach (2)]
   139 | D:2      | HP: 2/23 [Terence/+0 hand axe (3)]
   140 | D:2      | Slain by Terence

Levels and vault maps discovered:
D:1:      arrival_aquarium_b, layout_loops_ring, minmay_pentomino_p2
D:2:      layout_loops_cross, serial_aquarium, aquarium_bridge_square
          [aquarium_subvault_window, aquarium_subvault_window,
          aquarium_subvault_bridge, aquarium_subvault_window],
          aquarium_bridge_long_separate [aquarium_subvault_bridge,
          aquarium_subvault_wall, aquarium_subvault_wall,
          aquarium_subvault_bridge, aquarium_subvault_wall,
          aquarium_subvault_bridge], aquarium_window_1, aquarium_window_1,
          aquarium_view_2d, aquarium_view_2g, uniq_terence

Skill      XL: |  1 |
---------------+----+-----
Ranged Weapons | 3 |  3.0
Fighting       | |  1.3
Dodging        | |  2.1
Spellcasting   | |  1.0
Hexes          | |  2.0

Action                     || total
---------------------------++-------
   Fire: Sling             ||    21
  Dodge: Dodged            ||     5

Table legend:
 A = Non-vault XP
 B = Vault XP
 C = Vault XP percentage of total XP
 D = Non-vault monster count
 E = Vault monster count
 F = Vault count percentage of total count
                 A         B        C        D         E       F
            +---------+---------+-------+---------+---------+-------
      Total |       8 |       4 |  33.3 |       6 |       1 |  14.3
            +---------+---------+-------+---------+---------+-------
        D:1 |       3 |       4 |  57.1 |       3 |       1 |  25.0
        D:2 |       5 |       0 |   0.0 |       3 |       0 |   0.0
            +---------+---------+-------+---------+---------+-------
